 Dungeon Crawl Stone Soup version 0.31-a0-1074-g0b22e4e0f1 (webtiles) character file.

Game seed: 4093983798249455478

91 pokeman the Magician (level 4, 0/25 HPs)
             Began as a Deep Elf Hedge Wizard on Dec 7, 2023.
             Slain by Natasha (7 damage)
             ... on level 2 of the Dungeon.
             The game lasted 00:05:55 (1678 turns).

pokeman the Magician (Deep Elf Hedge Wizard)        Turns: 1678, Time: 00:05:56

Health: 0/25       AC:  2    Str:  7    XL:     4   Next: 34%
Magic:  4/13       EV: 12    Int: 21    God:
Gold:   45         SH:  0    Dex: 14    Spells: 6/14 levels left

rFire   . . .        a - +0 dagger
rCold   . . .        (no shield)
rNeg    . . .        b - +0 robe
rPois   .            c - +0 hat
rElec   .            (no cloak)
rCorr   .            (no gloves)
SInv    .            (no boots)
Will    .....        (no amulet)
Stlth   ++           (no ring)
HPRegen 0.24/turn    (no ring)
MPRegen 0.13/turn

%: no passive effects
@: no status effects
A: no striking features
a: no special abilities


You were on level 2 of the Dungeon.
You visited 1 branch of the dungeon, and saw 2 of its levels.

You collected 45 gold pieces.

Inventory:

Hand Weapons
 a - a +0 dagger (weapon)
Armour
 b - a +0 robe (worn)
 c - a +0 hat (worn)
 e - a scarf of invisibility
Scrolls
 f - a scroll of poison {unknown}
 g - 4 scrolls of teleportation {unknown}
 h - 2 scrolls of identify {unknown}
 i - a scroll of amnesia {unknown}
 j - a scroll of enchant armour {unknown}
Potions
 d - a potion of magic


   Skills:
 - Level 1.0 Fighting
 - Level 1.0 Armour
 + Level 2.7 Dodging
 + Level 2.7 Stealth
 * Level 5.6 Spellcasting
 + Level 2.2 Conjurations
 - Level 1.1 Summonings
 - Level 1.1 Translocations


You had 6 spell levels left.
You knew the following spells:

 Your Spells              Type           Power      Damage    Failure   Level
a - Magic Dart            Conj           60%        1d6       4%          1
b - Mephitic Cloud        Conj/Pois/Air  9%         N/A       22%         3
c - Call Imp              Summ           20%        N/A       10%         2
d - Blink                 Tloc           20%        N/A       10%         2

Your spell library contained the following spells:

 Spells                   Type           Power      Damage    Failure   Level
 Shock                    Conj/Air       40%        1d5       6%          1
 Slow                     Hex            20%        N/A       11%         1
 Cigotuvi's Dreadful Rot  Necr/Pois/Air  10%        N/A       16%         2
 Swiftness                Air            5%         N/A       30%         3
 Airstrike                Air            2%         2d(1-17)  71%         4


Dungeon Overview and Level Annotations

Branches:
Dungeon (2/15)

Altars:
Makhleb

Annotations:
D:2 Natasha


Message History

a +0 club; a gnoll corpse Natasha, Servant of Life and Death comes into view.
Casting: Magic Dart (safe; 4% risk of failure)
Confirm with . or Enter, or press ? or * to list all spells.
Aiming: Magic Dart (safe; 4% risk of failure)
Press: ? - help, Shift-Dir - straight line, f - Natasha
Aim: Natasha (wandering, hasn't noticed you, 100% to hit)
The magic dart hits Natasha.
Natasha is moderately wounded.
Natasha hisses angrily.
Natasha stares at you and mumbles some strange words.
The magic dart hits you!
You start resting.
Natasha is nearby!
Casting: Magic Dart (safe; 4% risk of failure)
Confirm with . or Enter, or press ? or * to list all spells.
Aiming: Mephitic Cloud (extremely dangerous; 22% risk of failure)
Press: ? - help, Shift-Dir - straight line, f/p - Natasha
Aim: Natasha (moderately wounded, chance to affect: 86%)
The ball explodes into a vile cloud!
The stinking cloud engulfs Natasha but does no damage.
Natasha is moderately wounded.
Natasha is engulfed in noxious fumes.
Natasha appears confused.
Unknown command.
You hit Natasha.
Natasha is moderately wounded.
Natasha is engulfed in noxious fumes.
Natasha appears confused.
Natasha misses you.
You completely miss Natasha.
Natasha is moderately wounded.
Natasha is engulfed in noxious fumes.
Natasha appears confused.
Natasha completely misses you.
You hit Natasha.
Natasha is heavily wounded.
Natasha claws you!
* * * LOW HITPOINT WARNING * * *
You hit Natasha.
Natasha is heavily wounded.
Natasha claws you!
You die...

.........###....
................
.........)..)...
.................
..........###....
#.........# #...^ h
##........## #.... #.#
#..........# #.... .h..
#@.........###....
.....##h..........######
.......).............#
..$...#))............#
?....###.........._..#
..... ##...>..#...(.#
.... ######.......# ...
#......## ... ########


You could see Natasha (confused).

Vanquished Creatures
  3 adders (D:2)
  3 gnolls (D:2)
  2 dart slugs (D:1)
  4 bats
  4 endoplasms
  A giant cockroach (D:2)
  A goblin (D:1)
  3 hobgoblins
  5 kobolds
  A quokka (D:1)
  A ball python (D:2)
  4 frilled lizards
  A rat (D:1)
33 creatures vanquished.

Notes
Turn   | Place    | Note
-------+----------+-------------------------------------------
     0 | D:1      | pokeman the Deep Elf Hedge Wizard began the quest for the
                  | Orb.
     0 | D:1      | Reached XP level 1. HP: 10/10 MP: 7/7
   279 | D:1      | Reached XP level 2. HP: 16/16 MP: 1/9
  1025 | D:2      | Reached skill level 5 in Spellcasting
  1025 | D:2      | Reached XP level 3. HP: 20/20 MP: 4/11
  1029 | D:2      | Learned a level 3 spell: Mephitic Cloud
  1032 | D:2      | Learned a level 2 spell: Call Imp
  1035 | D:2      | Learned a level 2 spell: Blink
  1253 | D:2      | Reached skill level 1 in Fighting
  1253 | D:2      | Reached skill level 1 in Armour
  1577 | D:2      | Found a burning altar of Makhleb.
  1594 | D:2      | Reached XP level 4. HP: 25/25 MP: 5/13
  1667 | D:2      | Noticed Natasha
  1678 | D:2      | Slain by Natasha

Illustrated notes

Levels and vault maps discovered:
D:1:      amcnicky_arrival_blooded_trapdoor, layout_basic,
          minmay_misc_feat_tower
D:2:      layout_rooms, basic_altar, nicolae_concentric_dashed_squares_mild,
          uniq_natasha

Skill      XL: |  1  2  3 |
---------------+----------+-----
Spellcasting   | 5 |  5.6
Fighting       | 1 |  1.0
Armour         | 1 |  1.0
Conjurations   | 2 |  2.2
Dodging        | |  2.7
Stealth        | |  2.7
Summonings     | |  1.1
Translocations | |  1.1

Action                     |  1- 3 |  4- 6 || total
---------------------------+-------+-------++-------
  Melee: Dagger            |    22 |    19 ||    41
   Cast: Magic Dart        |    86 |     3 ||    89
         Mephitic Cloud    |     1 |     3 ||     4
   Stab: Sleeping          |     1 |       ||     1
         Confused          |       |     2 ||     2
 Armour: Robe              |    16 |    11 ||    27
  Dodge: Dodged            |    17 |    12 ||    29

Table legend: (Time is in decaauts)
 A = Elapsed time spent in this place.
 B = Non-inter-level travel time spent in this place.
 C = Inter-level travel time spent in this place.
 D = Time resting spent in this place.
 E = Time spent auto-exploring this place.
 F = Levels seen in this place.
 G = Mean time per level.
                   A        B        C        D        E       F      G
               +--------+--------+--------+--------+--------+-----+--------+
         Total |   1677 |   1675 |      2 |      3 |   1462 |   2 |  838.5 |
       Dungeon |   1677 |   1675 |      2 |      3 |   1462 |   2 |  838.5 |
               +--------+--------+--------+--------+--------+-----+--------+

Top non-repeatable levels by time:
     D:1: 1019 daAuts
     D:2: 658 daAuts
